 Dungeon Crawl Stone Soup version 0.17-a0-1115-g0372368 (webtiles) character file.

86 tehphobia the Firebug (level 4, 0/27 HPs)
             Began as a High Elf Fire Elementalist on May 22, 2015.
             Slain by a crimson imp (3 damage)
             ... summoned by Natasha
             ... on level 2 of the Dungeon.
             The game lasted 00:07:04 (1113 turns).

tehphobia the Firebug (High Elf Fire Elementalist)  Turns: 1113, Time: 00:07:04

Health: 0/27       AC:  3    Str:  7    XL:     4   Next: 27%
Magic:  7/9        EV: 12    Int: 19    God:
Gold:   91         SH:  0    Dex: 16    Spells: 2 memorised, 6 levels left

rFire  . . .     SeeInvis .     g - +3 mace
rCold  . . .     Clarity  .     e - +0 leather armour
rNeg   . . .     SustAt   .     (no shield)
rPois  .         Gourm    +     (no helmet)
rElec  .         Spirit   .     (no cloak)
rCorr  .         Warding  .     (no gloves)
rMut   .         Stasis   .     (no boots)
MR     .....                    k - amulet of the gourmand
Stlth  ++........               (no ring)
                                (no ring)

@: slowed, very slow, not resistant to hostile enchantments, unstealthy
A: no striking features
a: no special abilities


You were on level 2 of the Dungeon.
You were full.

You visited 1 branch of the dungeon, and saw 2 of its levels.

You collected 91 gold pieces.

Inventory:

Hand weapons
 g - a +3 mace (weapon)
Armour
 a - a +0 robe
 e - a +0 leather armour (worn)
Jewellery
 k - an amulet of the gourmand (around neck)
Scrolls
 f - 3 scrolls of identify {unknown}
 j - a scroll of amnesia {unknown}
 l - a scroll of immolation {unknown}
Potions
 h - 2 potions of curing {unknown}
 i - a potion of flight {unknown}
Books
 b - a book of Flames

   Spells                             Type                      Level
   a - Flame Tongue                   Conjuration/Fire             1
   b - Throw Flame                    Conjuration/Fire             2
   c - Conjure Flame                  Conjuration/Fire             3
   d - Inner Flame                    Hexes/Fire                   3
   e - Sticky Flame                   Conjuration/Fire             4
   f - Fireball                       Conjuration/Fire             5
Comestibles
 c - 2 bread rations
 d - a meat ration
 m - a beef jerky
 n - a chunk of flesh


   Skills:
 + Level 0.6 Fighting
 + Level 0.2 Maces & Flails
 + Level 0.5 Armour
 + Level 2.7 Dodging
 + Level 2.5 Stealth
 + Level 3.2 Spellcasting
 + Level 1.5 Conjurations
 + Level 3.8 Fire Magic


You had 6 spell levels left.
You knew the following spells:

 Your Spells              Type           Power        Failure   Level  Hunger
a - Flame Tongue          Conj/Fire      ##...        10%         1    None
b - Throw Flame           Conj/Fire      ##....       14%         2    ##.....


Dungeon Overview and Level Annotations

Branches:
Dungeon (2/15)

Altars:

Annotations:
D:2 Natasha, Sigmund


Message History

You feel yourself slow down.
Your magical contamination has completely faded away.
Natasha casts a spell.
Natasha mumbles some strange words.
The crimson imp hits you.
* * * LOW HITPOINT WARNING * * *
Natasha barely misses you.
The crimson imp shouts, "Scamper home, thou unctious nose-picking serf!"
The crimson imp blinks!
Natasha closely misses you.
There is a stone staircase leading down here.
Casting: Throw Flame
Confirm with . or Enter, or press ? or * to list all spells.
Aiming: Flame Tongue
Press: ? - help, Shift-Dir - straight line, f - Natasha
Aim: Natasha The flame tongue hits Natasha.
Natasha appears unharmed.
Natasha casts a spell at you.
You feel as though you will be slow longer.
The crimson imp hits you.
You die...

#.##### #.# #. #.....# #.######
####. #.....# #......########....
######.....# #>.....##.......###
#....#.....###......##.......#..
#.##.#.#####........##.......#..
##.##.#).........................
.........#..[....##..............
#####.#..#......@.5..............
#.##.##.#.#5h...#....####....
#.##......#.....#........####
#.#####.###.###.#........##..
#.####......# #.#........##..
#.##......#.###.#........##..
#.##......#.......###....###.
#.##.........................
#####.##......#.........#....#..#


You could see Natasha and 2 crimson imps.

Vanquished Creatures
  Natasha (D:2)
  2 adders (D:2)
  An ooze (D:1)
  2 worms (D:2)
  A giant gecko (D:2)
  2 goblins
  3 hobgoblins
  6 kobolds (D:1)
  5 bats
  6 giant cockroaches (D:1)
  A giant newt (D:1)
  4 rats
34 creatures vanquished.

Notes
Turn   | Place    | Note
--------------------------------------------------------------
     0 | D:1      | tehphobia the High Elf Fire Elementalist began the quest for the Orb.
     0 | D:1      | Reached XP level 1. HP: 11/11 MP: 4/4
   147 | D:1      | Reached XP level 2. HP: 17/17 MP: 1/6
   530 | D:1      | Reached XP level 3. HP: 18/21 MP: 0/8
   597 | D:2      | Noticed Natasha
   603 | D:2      | Killed Natasha
   782 | D:2      | Learned a level 2 spell: Throw Flame
   876 | D:2      | Reached XP level 4. HP: 27/27 MP: 6/9
  1076 | D:2      | Noticed Sigmund
  1088 | D:2      | Noticed Natasha
  1113 | D:2      | Slain by a crimson imp

Vault maps used:
D:1:      denvon_arrival_waterhouse
D:2:      nemelex_diamond_rough_becter, uniq_natasha, uniq_sigmund

Action                   |  1- 3 |  4- 6 || total
-------------------------+-------+-------++-------
Melee: Unarmed           |     2 |       ||     2
       Mace              |    21 |     9 ||    30
 Cast: Flame Tongue      |    38 |     4 ||    42
       Throw Flame       |       |     8 ||     8
  Eat: Chunk             |     7 |     4 ||    11
